 Dungeon Crawl Stone Soup version 0.19-a0-599-g723c685 (webtiles) character file.

887 Blunderbuss the Magician (level 8, -1/52 HPs)
             Began as a Formicid Earth Elementalist on June 11, 2016.
             Slain by an orc warrior
             ... wielding a cursed -3 war axe
              (18 damage)
             ... on level 3 of the Dungeon.
             The game lasted 00:19:54 (4026 turns).

Blunderbuss the Magician (FoEE)                     Turns: 4026, Time: 00:19:55

Health: -1/52      AC:  3    Str: 13    XL:     8   Next: 26%
Magic:  4/19       EV: 12    Int: 17    God:
Gold:   229        SH:  0    Dex: 11    Spells: 2 memorised, 18 levels left

rFire  . . .     SeeInvis +     b - 50 stones
rCold  . . .     Gourm    .     c - +1 robe
rNeg   . . .     Faith    .     (no shield)
rPois  .         Spirit   .     (helmet unavailable)
rElec  .         Dismiss  .     (no cloak)
rCorr  .         Reflect  .     (no gloves)
SustAt .         Harm     .     (no boots)
MR     .....                    (no amulet)
Stlth  ++........               (no ring)
                                (no ring)

@: not resistant to hostile enchantments, unstealthy
A: permanent stasis, dig shafts and tunnels, four strong arms, antennae 3
a: Dig, Shaft Self


You were on level 3 of the Dungeon.
You were not hungry.

You visited 1 branch of the dungeon, and saw 4 of its levels.

You collected 229 gold pieces.

Inventory:

Hand Weapons
 a - a +3 dagger of venom
Missiles
 b - 50 stones (in hand)
Armour
 c - a +1 robe (worn)
Jewellery
 h - an uncursed ring of resist corrosion {unknown}
Scrolls
 l - 3 scrolls of identify {unknown}
 m - a scroll of random uselessness {unknown}
Potions
 d - a potion of might
 i - 2 potions of agility
 k - a potion of degeneration {unknown}
Books
 e - a book of Geomancy

   Spells                             Type                      Level
   a - Sandblast                      Earth                        1
   b - Passwall                       Transmutation/Earth          2
   c - Stone Arrow                    Conjuration/Earth            3
   d - Petrify                        Transmutation/Earth          4
   e - Lee's Rapid Deconstruction     Earth                        5
Comestibles
 g - a royal jelly
 j - a bread ration


   Skills:
 - Level 1.7 Dodging
 - Level 2.4 Stealth
 * Level 7.6 Spellcasting
   Level 1.1 Transmutations
 + Level 7.0 Earth Magic


You had 18 spell levels left.
You knew the following spells:

 Your Spells              Type           Power        Failure   Level  Hunger
a - Sandblast             Erth           ####..       1%          1    None
b - Stone Arrow           Conj/Erth      ###...       10%         3    #......


Dungeon Overview and Level Annotations

Branches:
Dungeon (4/15)
 Temple: D:4-7

Altars:
Elyvilon


Innate Abilities, Weirdness & Mutations

You are under a permanent stasis effect.
You can dig through walls and to a lower floor.
Your four strong arms can wield two-handed weapons with a shield.
You have a pair of large antennae on your head. (SInv)


Message History

You hear the rapid rusting of a very distant drain.
You open the door.
There is an open door here.
You hear the drain falling apart.
The orc priest shouts!
The orc priest miscasts a cantrip.
The orc priest miscasts a cantrip.
The orc priest mumbles some strange prayers to Beogh against you.
Beogh smites you!
* * * LOW HITPOINT WARNING * * *
There is a stone staircase leading up here.
The orc warrior completely misses you.
You climb upwards.
There is a stone staircase leading down here.
You feel better.
The orc warrior hits you with a war axe.
* * * LOW HITPOINT WARNING * * *
You feel better.
The orc warrior hits you with a war axe!!
You die...

##'## #.# #.# #.#
#.# #.# #.# #.# #.#
####.## #.# #.#
##.....## #.# ##.##
##.......# #.#
#...## ###.......##
#.# #.....
.)...†....# ######.#
#...##
###.......###..o@..#
#####
##..........######
##...####### #####


You could see an orc warrior.

Vanquished Creatures
  Grinder (D:3)
  Sigmund (D:2)
  A phantom (D:4)
  An ogre (D:4)
  4 orc wizards (D:4)
  An orc priest (D:4)
  2 worker ants (D:4)
  A hound skeleton (D:3)
  A gnoll (D:1)
  3 adders
  An ooze (D:1)
  4 worms
  3 giant geckos
  13 orcs
  2 ball pythons
  4 giant cockroaches
  8 goblins
  8 hobgoblins
  10 jackals
  2 quokkas
  A ball python skeleton (D:4)
  9 bats
  2 giant gecko skeletons (D:4)
  3 giant newts
  8 kobolds
  A quokka skeleton (D:4)
  5 rats
100 creatures vanquished.

Notes
Turn   | Place    | Note
--------------------------------------------------------------
     0 | D:1      | Blunderbuss the Formicid Earth Elementalist began the quest for the Orb.
     0 | D:1      | Reached XP level 1. HP: 13/13 MP: 3/3
   162 | D:1      | Reached XP level 2. HP: 12/19 MP: 1/5
   339 | D:1      | Reached XP level 3. HP: 2/24 MP: 0/7
  1108 | D:1      | Reached XP level 4. HP: 30/30 MP: 7/9
  1253 | D:1      | Learned a level 4 spell: Petrify
  1364 | D:2      | Noticed Sigmund
  1945 | D:3      | Noticed Grinder
  1955 | D:3      | Killed Grinder
  1955 | D:3      | Reached skill level 5 in Spellcasting
  1955 | D:3      | Reached skill level 5 in Earth Magic
  1955 | D:3      | Reached XP level 5. HP: 12/35 MP: 5/13
  1955 | D:3      | Reached XP level 6. HP: 14/41 MP: 5/14
  2174 | D:3      | Found a faded altar of an unknown god.
  2360 | D:3      | Learned a level 3 spell: Stone Arrow
  2768 | D:2      | Found a white marble altar of Elyvilon.
  3013 | D:2      | Killed Sigmund
  3013 | D:2      | Reached XP level 7. HP: 46/46 MP: 8/16
  3883 | D:4      | Reached XP level 8. HP: 26/52 MP: 3/18
  4026 | D:3      | Slain by an orc warrior

Vault maps used:
D:1:      dpeg_arrival_shelter, minivault_19
D:2:      elyvilon_altar_4, uniq_sigmund
D:3:      ecumenical_altar_1, first_bread, uniq_grinder
D:4:      minmay_opposing_rooms, portal_sewer_entry_e

Skill      XL: |  1  2  3  4  5  6  7  8 |
---------------+-------------------------+-----
Spellcasting   | 3 5 6 7 |  7.6
Earth Magic    | 4 5 6 7 |  7.0
Dodging        | |  1.7
Stealth        | |  2.4
Transmutations | |  1.1

Action                   |  1- 3 |  4- 6 |  7- 9 || total
-------------------------+-------+-------+-------++-------
Melee: Unarmed           |    11 |       |       ||    11
       Dagger            |       |    40 |    14 ||    54
 Cast: Sandblast         |    56 |    43 |    56 ||   155
       Petrify           |       |     6 |       ||     6
       Stone Arrow       |       |     6 |    13 ||    19
  Use: Scroll            |       |     5 |     6 ||    11
       Potion            |       |     6 |     2 ||     8
 Stab: Petrified         |       |     2 |       ||     2
  Eat: Bread ration      |     1 |     1 |       ||     2
       Meat ration       |       |     1 |       ||     1
Armor: Robe              |     8 |     3 |     7 ||    18
Dodge: Dodged            |    42 |    41 |    28 ||   111
